Description

Immortal Drop w/ Zealot Warp-ins

This build is a slight variation of your typical immportal drop. It will require less micro, but it also requires a much tighter timing for it to work.

As the drop happens, macro does slip a little, but there is a third base behind the harass and therefore a way to transition out. This would be things like getting a second forge, continuing upgrades, teching to robo bay, etc.

Replay - IlIlIlIlIlIl v saraevans - Simulacrum LE

Build Order

Get SALT Encoding   

  12  0:00  Probe  
  13  0:12  Probe  
  14  0:20  Pylon  
  14  0:25  Probe  
  15  0:38  Probe  
  16  0:51  Probe  
  17  1:01  Nexus  
  17  1:14  Gateway  
  17  1:20  Pylon  
  17  1:23  Probe (Chrono Boost)  
  19  1:33  Probe x2 (Chrono Boost)  
  19  1:34  Assimilator  
  20  1:42  Assimilator  
  20  1:49  Probe  
  21  2:01  Cybernetics Core, Probe (Chrono Boost)  
  22  2:12  Probe x2 (Chrono Boost)  
  24  2:16  Zealot  
  24  2:21  Probe x2 (Chrono Boost)  
  27  2:28  Probe x2 (Chrono Boost)  
  30  2:37  Robotics Facility  
  30  2:42  Probe x2 (Chrono Boost)  
  32  2:45  Sentry  
  32  2:50  Probe x2 (Chrono Boost)  
  35  2:55  Warp Gate  
  35  2:56  Probe  
  37  3:04  Probe x2 (Chrono Boost)  
  38  3:09  Pylon x2  
  40  3:20  Probe x2 (Chrono Boost)  
  40  3:24  Immortal (Chrono Boost)  
  45  3:29  Probe x2 (Chrono Boost)  
  45  3:32  Adept  
  49  3:35  Probe  
  50  4:01  Immortal (Chrono Boost)  
  54  4:16  Nexus  
  54  4:17  Pylon  
  54  4:22  Gateway x3  
  54  4:29  Gateway x2  
  54  4:30  Warp Prism (Chrono Boost)  
  56  4:39  Probe x2  
  56  4:40  Pylon x2  
  58  4:56  Probe  
  58  4:59  Adept  
  61  5:05  Observer  
  60  5:07  Probe x2  
  62  5:18  Assimilator x2  
  62  5:22  Twilight Council  
  62  5:23  Forge  
  62  5:25  Probe  
  63  5:32  Zealot x5  
  73  5:39  Probe x2  
  73  5:40  Observer  
  76  6:01  Adept x5  
Spawning Tool Build Advisor. Get it on Overwolf

Analysis

It seems like this build could be executed a little bit faster. By the time Alucard gets across the map, he's floating more minerals than he can spend with zealots. One big thing to keep in mind about the delayed timing is that the gateways go up at 4:30 or so. This means that any scouting overlords should be long gone and that this drop will go undetected until it leaves your base.

You can either practice it with the delay, or practice it to try and optimize the timing in order to hit earlier and avoid counteraggression or even the zerg really having any units

Go to:

Details

  • Created by: Texturace
  • Published on: May 17, 2020
  • Modified on: Jun 15, 2020
  • Patch: 4.11.0
  • Difficulty: Easy
Show
View Real Time Build Order
Export as new Build Order

Comments (0)

There are no comments. Be the first!

Create an account to comment!